 Dungeon Crawl Stone Soup version 0.17-a0-1368-g6ab37f2 (webtiles) character file.

315 Hanyuu the Insei (level 6, 12/38 HPs)
             Began as an Octopode Transmuter on June 12, 2015.
             Quit the game on level 2 of the Dungeon.
             The game lasted 00:09:30 (2998 turns).

Hanyuu the Insei (Octopode Transmuter)              Turns: 2998, Time: 00:09:31

Health: 12/38      AC:  1    Str:  9    XL:     6   Next: 43%
Magic:  8/9        EV: 12    Int: 17    God:
Gold:   92         SH:  0    Dex: 13    Spells: 3 memorised, 3 levels left

rFire  . . .     SeeInvis .       - Unarmed
rCold  . . .     Clarity  .     (no shield)
rNeg   . . .     SustAt   .     (helmet restricted)
rPois  .         Gourm    .     (no amulet)
rElec  .         Spirit   .     (no ring)
rCorr  .         Warding  .     (no ring)
rMut   .         Stasis   .     (no ring)
MR     .....                    (no ring)
Stlth  ++........               (no ring)
                                (no ring)
                                (no ring)
                                (no ring)

@: lethally poisoned (12 -> -17), not resistant to hostile enchantments,
unstealthy
A: almost no armour, amphibious, 8 rings, constrict 8, camouflage 1, gelatinous
body 1
a: no special abilities


You were on level 2 of the Dungeon.
You were hungry.

You visited 1 branch of the dungeon, and saw 3 of its levels.

You collected 92 gold pieces.

Inventory:

Missiles
 a - 33 arrows
 j - 12 arrows of frost
 p - 7 poisoned arrows
Magical devices
 g - a wand of polymorph (9)
Scrolls
 d - a scroll of identify {unknown}
 e - a scroll of fear (quivered) {unknown}
 f - a scroll of blinking {unknown}
 h - a scroll of enchant weapon {unknown}
 k - a scroll of teleportation {unknown}
 l - a scroll of remove curse {unknown}
Books
 b - a book of Changes

   Spells                             Type                      Level
   a - Beastly Appendage              Transmutation                1
   b - Sticks to Snakes               Transmutation                2
   c - Spider Form                    Transmutation/Poison         3
   d - Ice Form                       Ice/Transmutation            4
   e - Blade Hands                    Transmutation                5
Comestibles
 c - 3 bread rations
 i - 2 chunks of flesh
 m - a meat ration
 n - a beef jerky


   Skills:
 + Level 1.2 Fighting
 - Level 2.0 Dodging
 * Level 7.0 Unarmed Combat
 - Level 2.0 Spellcasting
 - Level 2.0 Transmutations


You had 3 spell levels left.
You knew the following spells:

 Your Spells              Type           Power        Failure   Level  Hunger
a - Beastly Appendage     Trmt           #.....       10%         1    #......
b - Sticks to Snakes      Trmt           #.........   14%         2    ###....
c - Spider Form           Trmt/Pois      #.........   38%         3    ###....


Dungeon Overview and Level Annotations

Branches:
Dungeon (3/15)

Altars:
Gozag


Innate Abilities, Weirdness & Mutations

You cannot wear most types of armour.
You are amphibious.
You can wear up to eight rings at the same time.
You can use your tentacles to constrict eight enemies at once.
Your skin changes colour to match your surroundings (Stealth).
Your rubbery body absorbs attacks (AC +1).


Message History

You feel sick.
The centaur shoots a poisoned arrow.
The poisoned arrow hits you!
You are lethally poisoned!
You climb upwards.
You feel very sick.
There is a stone staircase leading down here.
There is a lethal amount of poison in your body!
You aren't carrying any potions.
Unknown command.
Unknown command.
You aren't carrying any potions.
Unknown command.
Unknown command.
Quiver which item? (- for none, * to show all) (? for menu, Esc to quit)
You don't have any such object.
Quiver which item? (- for none, * to show all) (? for menu, Esc to quit)
Quivering
e - a scroll labeled ZACENOS PISA for throwing.
You feel very sick.
Unknown command.
Are you sure you want to abandon this character and quit the game? (Confirm with "yes".)

............#.##
.......(###....#
.....#### ##.#.#
.....# #.#.#
.##### #.#.####
.# #....#.## ##
###.....##
#......#
#..@...#
#......#
##.....# #.....#
#..>..# ##...##
##.## ###


There were no monsters in sight!

Vanquished Creatures
  Sigmund (D:2)
  Ijyb (D:2)
  Natasha (thrice) (D:2)
  4 adders
  A worm (D:2)
  A giant gecko (D:1)
  A ball python (D:2)
  9 bats
  3 giant cockroaches (D:2)
  4 goblins
  6 hobgoblins
  2 quokkas
  2 giant newts (D:1)
  4 jackals (D:1)
  9 kobolds
  7 rats
58 creatures vanquished.

Notes
Turn   | Place    | Note
--------------------------------------------------------------
     0 | D:1      | Hanyuu the Octopode Transmuter began the quest for the Orb.
     0 | D:1      | Reached XP level 1. HP: 13/13 MP: 3/3
   160 | D:1      | Reached XP level 2. HP: 16/18 MP: 5/5
   849 | D:1      | Reached skill level 4 in Unarmed Combat
   915 | D:1      | Reached XP level 3. HP: 6/23 MP: 6/6
   939 | D:2      | Found a faded altar to an unknown god.
   948 | D:2      | HP: 1/23 [jackal (3)]
  1756 | D:2      | Noticed Natasha
  1759 | D:2      | Reached XP level 4. HP: 28/28 MP: 5/7
  1930 | D:1      | Learned a level 2 spell: Sticks to Snakes
  1934 | D:1      | Learned a level 3 spell: Spider Form
  1946 | D:2      | Killed Natasha
  1946 | D:2      | Reached skill level 5 in Unarmed Combat
  2001 | D:2      | Noticed Ijyb
  2018 | D:2      | Killed Ijyb
  2018 | D:2      | Reached XP level 5. HP: 33/33 MP: 5/8
  2081 | D:2      | Noticed Sigmund
  2126 | D:2      | Found an opulent altar of Gozag.
  2356 | D:2      | Noticed Natasha
  2361 | D:2      | Killed Natasha
  2375 | D:2      | Killed Sigmund
  2375 | D:2      | Reached skill level 6 in Unarmed Combat
  2375 | D:2      | Reached XP level 6. HP: 28/38 MP: 1/9
  2489 | D:2      | Noticed Natasha
  2499 | D:2      | Killed Natasha
  2593 | D:2      | Reached skill level 7 in Unarmed Combat
  2688 | D:3      | HP: 1/38 [poisoned by a centaur]
  2998 | D:2      | Quit the game

Vault maps used:
D:1:      lightli_arrival_quake
D:2:      grunt_gozag_breadcrumbs, ecumenical_altar_1, uniq_natasha, uniq_iyjb,
          uniq_sigmund
D:3:      first_bread, portal_sewer_entry_f, minmay_unequal

Action                   |  1- 3 |  4- 6 || total
-------------------------+-------+-------++-------
Melee: Unarmed           |    87 |    54 ||   141
 Cast: Beastly Appendage |     7 |     1 ||     8
       Spider Form       |       |     7 ||     7
  Use: Potion            |     2 |     3 ||     5
       Scroll            |       |     2 ||     2
 Stab: Sleeping          |     4 |     1 ||     5
       Invisible         |     1 |       ||     1
  Eat: Chunk             |     1 |     5 ||     6
       Pizza             |     1 |       ||     1
